Islanders vs Hurricanes

Created - 1 octobre 2019 at 19:21

Simulating a Pre-Season

Goals
1 2 3 OT1 T
Islanders 2 0 0 0 2
Hurricanes 2 0 0 1 3
Shots
1 2 3 OT1 T
Islanders 13 14 19 1 47
Hurricanes 6 8 8 2 24

1st period

1. Hurricanes , Dylan Gambrell 1 (Michael Frolik 1, Jordan Oesterle 1) at 1:44
2. Islanders , Neal Pionk 2 (Richard Panik 1, Jack Eichel 2) at 2:21
3. Hurricanes , Michael Frolik 1 (Alex Iafallo 1, Brett Pesce 1) at 9:46
4. Islanders , Anthony DeAngelo 1 (Patrick Sharp 2, Andy Andreoff 1) at 9:54

Penalties :
No Penalty

2nd period

No Goal

Penalties :
Jesper Bratt (NYI) for Tripping (Minor) at 4:32, Alex Chiasson (CAR) for Hooking (Minor) at 12:11

3rd period

No Goal

Penalties :
Dustin Byfuglien (CAR) for Tripping (Minor) at 0:59

Overtime #1

5. Hurricanes , Tyler Bertuzzi 1 (Dustin Byfuglien 3, Alex Chiasson 1) at 2:37

Penalties :
No Penalty

Goalie Stats

Chad Johnson (NYI), 21 saves from 24 shots - (0.875), OTL, 1-0-1, 62:38 minutes
Thomas Greiss (CAR), 45 saves from 47 shots - (0.957), W, 1-0-2, 62:38 minutes

Players Stats for Islanders

Player Name              G  A  P  +/- PIM S  H  SB GA TA FO     MP     PP MP  PK MP  
------------------------------------------------------------------------------------
Andy Andreoff            0  1  1   1  0   0  1  0  0  0  6/10    7:03   0:00   0:00 
Anthony DeAngelo         1  0  1   0  0   1  0  1  0  0  0/0    21:05   2:29   0:54 
Brock McGinn             0  0  0   0  0   1  2  0  0  0  0/1    12:09   0:00   0:00 
Dennis Cholowski         0  0  0   0  0   2  1  0  0  0  0/0    14:55   0:00   0:00 
Dennis Seidenberg        0  0  0   0  0   3  2  1  0  0  0/0    21:29   2:29   0:54 
Elias Pettersson         0  0  0  -1  0   6  2  0  0  0  12/22  20:42   1:52   0:49 
Henri Jokiharju          0  0  0   0  0   0  2  3  0  0  0/0    14:55   0:00   0:00 
Jack Eichel              0  1  1   0  0   3  0  1  0  0  18/26  23:15   2:06   1:33 
Janne Kuokkanen          0  0  0   0  0   2  1  0  0  0  7/15   12:53   0:00   0:44 
Jesper Bratt             0  0  0  -1  2   8  1  0  0  0  0/2    18:53   1:52   0:00 
Neal Pionk               1  0  1   0  0   1  2  2  0  0  0/0    25:23   1:29   1:05 
Nick Holden              0  0  0  -1  0   0  2  1  0  0  0/0    24:51   1:29   1:05 
Pat Maroon               0  0  0   1  0   2  1  1  0  0  1/1     7:03   0:00   0:00 
Patrick Sharp            0  1  1   1  0   2  1  0  0  0  0/0     7:03   0:00   0:00 
Reid Boucher             0  0  0   0  0   3  2  0  0  0  0/2    12:09   0:00   0:00 
Richard Panik            0  1  1  -1  0   4  4  0  0  0  1/2    21:36   2:06   0:26 
Sam Gagner               0  0  0  -1  0   2  1  0  0  0  1/1    18:54   1:52   0:00 
Timo Meier               0  0  0  -1  0   7  0  0  0  0  1/4    21:36   2:06   0:26 

Players Stats for Hurricanes

Player Name              G  A  P  +/- PIM S  H  SB GA TA FO     MP     PP MP  PK MP  
------------------------------------------------------------------------------------
Adam Henrique            0  0  0   0  0   4  1  0  0  0  13/29  22:22   0:59   2:03 
Alex Chiasson            0  1  1  -1  2   0  2  0  0  0  2/6    18:40   1:00   0:54 
Alex Iafallo             0  1  1   2  0   0  0  0  0  0  0/0    14:09   0:00   0:45 
Brett Pesce              0  1  1   2  0   0  1  0  0  0  0/0    12:22   0:00   0:00 
Brian Dumoulin           0  0  0  -1  0   3  1  2  0  0  0/0    21:36   0:59   1:57 
Bryan Little             0  0  0  -2  0   0  2  0  0  0  11/31  24:33   1:00   0:00 
Carl Hagelin             0  0  0   0  0   1  0  0  0  0  0/3     7:14   0:00   1:01 
Dustin Byfuglien         0  1  1   0  2   2  6  0  0  0  0/0    26:19   1:00   1:12 
Dylan Gambrell           1  0  1   2  0   4  1  0  0  0  13/17  13:24   0:00   0:00 
Jonathon Merrill         0  0  0   0  0   0  0  0  0  0  0/0     5:12   0:00   0:00 
Jordan Oesterle          0  1  1   2  0   0  1  0  0  0  0/0    13:11   0:00   0:49 
Keith Yandle             0  0  0  -1  0   0  3  0  0  0  0/0    21:53   1:00   2:01 
Marcus Foligno           0  0  0   0  0   0  0  0  0  0  0/0     6:13   0:00   0:00 
Mathew Dumba             0  0  0  -1  0   4  1  3  0  0  0/0    22:04   0:59   1:57 
Michael Frolik           1  1  2   2  0   3  0  0  0  0  0/0    13:24   0:00   0:00 
Tyler Bertuzzi           1  0  1   1  0   1  2  0  0  0  0/0    19:26   0:59   0:00 
Vladimir Sobotka         0  0  0   0  0   0  3  1  0  0  0/0    21:05   0:59   1:04 
Zach Parise              0  0  0  -2  0   2  2  0  0  0  0/0    20:47   1:00   2:09 

3 Stars

1 - Thomas Greiss (CAR)
2 - Michael Frolik (CAR)
3 - Dylan Gambrell (CAR)

Power Play

Islanders - 0 on 2 Attempt(s) - 0.00%
Hurricanes - 0 on 1 Attempt(s) - 0.00%

Penalty Kill

Islanders - 1 on 1 Attempt(s) - 100.00% - Score 0 goal in Penalty Kill
Hurricanes - 2 on 2 Attempt(s) - 100.00% - Score 0 goal in Penalty Kill

Team Stat

Islanders - Hits : 25 - Faceoff Wins : 47 - Blocked Shots : 10 - Penalty Minutes : 2
Hurricanes - Hits : 26 - Faceoff Wins : 39 - Blocked Shots : 6 - Penalty Minutes : 4

Official

Referees : Dave Lewis and Jacob Brenk
Linesman : Andy McElman and Brad Kovachik

Game Notes

No Game Note

% Time on Ice - Islanders

Lines # - Real PCT - Wanted PCT - Time Play
Normal Forward
1 - 34% - 40% - 18:13
2 - 31% - 30% - 16:38
3 - 22% - 20% - 12:09
4 - 13% - 10% - 7:03
Normal Defense
1 - 34% - 40% - 18:32
2 - 33% - 30% - 17:42
3 - 28% - 20% - 14:55
4 - 5% - 10% - 2:54
PP Forward
1 - 53% - 60% - 2:06
2 - 47% - 40% - 1:52
PP Defense
1 - 37% - 60% - 1:29
2 - 63% - 40% - 2:29
PK Forward
1 - 78% - 60% - 1:33
2 - 22% - 40% - 0:26
PK Defense
1 - 55% - 60% - 1:05
2 - 45% - 40% - 0:54
PK3 Forward
1 - 0% - 60%
2 - 0% - 40%
PK3 Defense
1 - 0% - 60%
2 - 0% - 40%
44 Forward
1 - 0% - 60%
2 - 0% - 40%
44 Defense
1 - 0% - 60%
2 - 0% - 40%
Last Minute Offensive  - 0:00
Last Minute Defensive  - 0:00
Total
Forward - 60:00
Defense - 60:00

% Time on Ice - Hurricanes

Lines # - Real PCT - Wanted PCT - Time Play
Normal Forward
1 - 30% - 40% - 16:23
2 - 33% - 30% - 18:03
3 - 25% - 20% - 13:24
4 - 12% - 10% - 6:13
Normal Defense
1 - 33% - 40% - 17:49
2 - 35% - 30% - 18:40
3 - 23% - 20% - 12:22
4 - 10% - 10% - 5:12
PP Forward
1 - 50% - 60% - 1:00
2 - 50% - 40% - 0:59
PP Defense
1 - 50% - 60% - 1:00
2 - 50% - 40% - 0:59
PK Forward
1 - 73% - 60% - 2:54
2 - 27% - 40% - 1:04
PK Defense
1 - 51% - 60% - 2:01
2 - 49% - 40% - 1:57
PK3 Forward
1 - 0% - 60%
2 - 0% - 40%
PK3 Defense
1 - 0% - 60%
2 - 0% - 40%
44 Forward
1 - 0% - 60%
2 - 0% - 40%
44 Defense
1 - 0% - 60%
2 - 0% - 40%
Last Minute Offensive  - 0:00
Last Minute Defensive  - 0:00
Total
Forward - 60:00
Defense - 60:00

Play-by-Play

1st period


0:01 of 1st period - Richard Panik wins face-off versus Bryan Little in neutral zone.
0:06 of 1st period - Shot by Jack Eichel.
0:06 of 1st period - Shot Misses the Net.
0:13 of 1st period - Timo Meier is hit by Keith Yandle.
0:21 of 1st period - Shot by Timo Meier.
0:21 of 1st period - Stopped by Thomas Greiss without a rebound.
0:22 of 1st period - Elias Pettersson wins face-off versus Adam Henrique in Hurricanes zone.
1:42 of 1st period - Shot by Michael Frolik.
1:42 of 1st period - Shot Blocked by Dennis Seidenberg.
1:44 of 1st period - Shot by Dylan Gambrell.
1:44 of 1st period - Goal by Dylan Gambrell - Islanders : 0 - Hurricanes : 1.
1:45 of 1st period - Bryan Little wins face-off versus Janne Kuokkanen in neutral zone.
1:49 of 1st period - Off-side.
1:50 of 1st period - Jack Eichel wins face-off versus Bryan Little in neutral zone.
2:17 of 1st period - Shot by Richard Panik.
2:17 of 1st period - Shot Misses the Net.
2:19 of 1st period - Shot by Richard Panik.
2:19 of 1st period - Stopped by Thomas Greiss with a rebound.
2:21 of 1st period - Shot by Neal Pionk.
2:21 of 1st period - Goal by Neal Pionk - Islanders : 1 - Hurricanes : 1.
2:22 of 1st period - Adam Henrique wins face-off versus Janne Kuokkanen in neutral zone.
2:22 of 1st period - Adam Henrique is hit by Brock McGinn.
2:50 of 1st period - Icing by Mathew Dumba.
2:51 of 1st period - Andy Andreoff wins face-off versus Adam Henrique in Hurricanes zone.
3:04 of 1st period - Shot by Brian Dumoulin.
3:04 of 1st period - Stopped by Chad Johnson without a rebound.
3:05 of 1st period - Jack Eichel wins face-off versus Bryan Little in Islanders zone.
4:22 of 1st period - Shot by Reid Boucher.
4:22 of 1st period - Shot Misses the Net.
4:24 of 1st period - Shot by Reid Boucher.
4:24 of 1st period - Stopped by Thomas Greiss with a rebound.
4:26 of 1st period - Shot by Dennis Cholowski.
4:26 of 1st period - Stopped by Thomas Greiss without a rebound.
4:27 of 1st period - Andy Andreoff wins face-off versus Dylan Gambrell in Hurricanes zone.
4:59 of 1st period - Shot by Andy Andreoff.
4:59 of 1st period - Shot Misses the Net.
5:16 of 1st period - Icing by Dennis Seidenberg.
5:17 of 1st period - Andy Andreoff wins face-off versus Adam Henrique in Islanders zone.
6:07 of 1st period - Timo Meier is hit by Tyler Bertuzzi and loses puck.
7:24 of 1st period - Shot by Alex Iafallo.
7:24 of 1st period - Shot Misses the Net.
7:44 of 1st period - Shot by Dustin Byfuglien.
7:44 of 1st period - Shot Misses the Net.
7:50 of 1st period - Shot by Carl Hagelin.
7:50 of 1st period - Shot Blocked by Henri Jokiharju.
7:52 of 1st period - Shot by Adam Henrique.
7:52 of 1st period - Deflect By Marcus Foligno.
7:52 of 1st period - Shot Blocked by Henri Jokiharju.
7:54 of 1st period - Shot by Carl Hagelin.
7:54 of 1st period - Stopped by Chad Johnson without a rebound.
7:55 of 1st period - Janne Kuokkanen wins face-off versus Bryan Little in Islanders zone.
7:55 of 1st period - Janne Kuokkanen is hit by Alex Chiasson.
8:59 of 1st period - Shot by Tyler Bertuzzi.
8:59 of 1st period - Shot Misses the Net.
9:01 of 1st period - Shot by Keith Yandle.
9:01 of 1st period - Shot Misses the Net.
9:44 of 1st period - Shot by Michael Frolik.
9:44 of 1st period - Deflect By Alex Iafallo.
9:44 of 1st period - Shot Misses the Net.
9:46 of 1st period - Shot by Michael Frolik.
9:46 of 1st period - Goal by Michael Frolik - Islanders : 1 - Hurricanes : 2.
9:47 of 1st period - Andy Andreoff wins face-off versus Bryan Little in neutral zone.
9:52 of 1st period - Shot by Patrick Sharp.
9:52 of 1st period - Shot Misses the Net.
9:54 of 1st period - Shot by Anthony DeAngelo.
9:54 of 1st period - Goal by Anthony DeAngelo - Islanders : 2 - Hurricanes : 2.
9:55 of 1st period - Pat Maroon wins face-off versus Adam Henrique in neutral zone.
10:02 of 1st period - Shot by Patrick Sharp.
10:02 of 1st period - Stopped by Thomas Greiss without a rebound.
10:03 of 1st period - Bryan Little wins face-off versus Reid Boucher in Hurricanes zone.
10:08 of 1st period - Reid Boucher is hit by Zach Parise and loses puck.
10:34 of 1st period - Brock McGinn is hit by Dustin Byfuglien and loses puck.
10:59 of 1st period - Jesper Bratt is hit by Bryan Little and loses puck.
11:15 of 1st period - Jesper Bratt is hit by Dustin Byfuglien and loses puck.
11:20 of 1st period - Shot by Jesper Bratt.
11:20 of 1st period - Stopped by Thomas Greiss without a rebound.
11:21 of 1st period - Adam Henrique wins face-off versus Jack Eichel in Hurricanes zone.
11:21 of 1st period - Mathew Dumba is hit by Richard Panik and loses puck.
11:36 of 1st period - Shot by Timo Meier.
11:36 of 1st period - Shot Misses the Net.
11:55 of 1st period - Shot by Jack Eichel.
11:55 of 1st period - Shot Misses the Net.
12:08 of 1st period - Icing by Mathew Dumba.
12:09 of 1st period - Elias Pettersson wins face-off versus Adam Henrique in Hurricanes zone.
12:10 of 1st period - Shot by Jesper Bratt.
12:10 of 1st period - Stopped by Thomas Greiss with a rebound.
12:12 of 1st period - Shot by Dennis Seidenberg.
12:12 of 1st period - Stopped by Thomas Greiss without a rebound.
12:13 of 1st period - Dylan Gambrell wins face-off versus Elias Pettersson in Hurricanes zone.
12:49 of 1st period - Shot by Michael Frolik.
12:49 of 1st period - Shot Misses the Net.
13:44 of 1st period - Jack Eichel is hit by Mathew Dumba and loses puck.
14:06 of 1st period - Shot by Timo Meier.
14:06 of 1st period - Shot Misses the Net.
14:13 of 1st period - Icing by Mathew Dumba.
14:14 of 1st period - Janne Kuokkanen wins face-off versus Adam Henrique in Hurricanes zone.
14:52 of 1st period - Shot by Reid Boucher.
14:52 of 1st period - Stopped by Thomas Greiss without a rebound.
14:53 of 1st period - Dylan Gambrell wins face-off versus Andy Andreoff in Hurricanes zone.
14:53 of 1st period - Keith Yandle is hit by Pat Maroon and loses puck.
15:03 of 1st period - Keith Yandle is hit by Nick Holden.
15:24 of 1st period - Icing by Neal Pionk.
15:25 of 1st period - Bryan Little wins face-off versus Andy Andreoff in Islanders zone.
15:28 of 1st period - Shot by Alex Chiasson.
15:28 of 1st period - Shot Blocked by Nick Holden.
15:39 of 1st period - Andy Andreoff is hit by Jordan Oesterle and loses puck.
16:10 of 1st period - Icing by Jordan Oesterle.
16:11 of 1st period - Bryan Little wins face-off versus Elias Pettersson in Hurricanes zone.
16:13 of 1st period - Icing by Jordan Oesterle.
16:14 of 1st period - Jack Eichel wins face-off versus Bryan Little in Hurricanes zone.
16:41 of 1st period - Shot by Jack Eichel.
16:41 of 1st period - Shot Misses the Net.
16:49 of 1st period - Shot by Jack Eichel.
16:49 of 1st period - Deflect By Timo Meier.
16:49 of 1st period - Stopped by Thomas Greiss without a rebound.
16:50 of 1st period - Sam Gagner wins face-off versus Adam Henrique in Hurricanes zone.
16:52 of 1st period - Jesper Bratt is hit by Dustin Byfuglien and loses puck.
17:03 of 1st period - Dustin Byfuglien is hit by Henri Jokiharju and loses puck.
17:23 of 1st period - Icing by Henri Jokiharju.
17:24 of 1st period - Elias Pettersson wins face-off versus Dylan Gambrell in Islanders zone.
17:26 of 1st period - Jesper Bratt is hit by Dylan Gambrell and loses puck.
18:04 of 1st period - Shot by Timo Meier.
18:04 of 1st period - Shot Misses the Net.
18:10 of 1st period - Shot by Jack Eichel.
18:10 of 1st period - Shot Misses the Net.
19:01 of 1st period - Icing by Dennis Seidenberg.
19:02 of 1st period - Janne Kuokkanen wins face-off versus Bryan Little in Islanders zone.
19:24 of 1st period - Shot by Sam Gagner.
19:24 of 1st period - Stopped by Thomas Greiss without a rebound.
19:25 of 1st period - Adam Henrique wins face-off versus Elias Pettersson in Hurricanes zone.
19:37 of 1st period - Icing by Neal Pionk.
19:38 of 1st period - Alex Chiasson wins face-off versus Elias Pettersson in Islanders zone.
19:49 of 1st period - Shot by Zach Parise.
19:49 of 1st period - Shot Misses the Net.
19:55 of 1st period - Shot by Zach Parise.
19:55 of 1st period - Stopped by Chad Johnson with a rebound.
19:57 of 1st period - Shot by Dustin Byfuglien.
19:57 of 1st period - Stopped by Chad Johnson with a rebound.
Goals for this period are 2 for Islanders vs 2 for Hurricanes.
Shots for this period are 13 for Islanders vs 6 for Hurricanes.

2nd period


0:01 of 2nd period - Jack Eichel wins face-off versus Alex Chiasson in neutral zone.
0:04 of 2nd period - Shot by Richard Panik.
0:04 of 2nd period - Stopped by Thomas Greiss without a rebound.
0:05 of 2nd period - Jack Eichel wins face-off versus Bryan Little in Hurricanes zone.
0:21 of 2nd period - Off-side.
0:22 of 2nd period - Adam Henrique wins face-off versus Brock McGinn in neutral zone.
0:25 of 2nd period - Henri Jokiharju is hit by Adam Henrique and loses puck.
0:38 of 2nd period - Reid Boucher is hit by Vladimir Sobotka and loses puck.
1:16 of 2nd period - Icing by Dustin Byfuglien.
1:17 of 2nd period - Jack Eichel wins face-off versus Bryan Little in Hurricanes zone.
1:45 of 2nd period - Icing by Nick Holden.
1:46 of 2nd period - Dylan Gambrell wins face-off versus Timo Meier in Islanders zone.
1:46 of 2nd period - Brett Pesce is hit by Nick Holden and loses puck.
2:32 of 2nd period - Icing by Dennis Seidenberg.
2:33 of 2nd period - Elias Pettersson wins face-off versus Bryan Little in Islanders zone.
2:33 of 2nd period - Elias Pettersson is hit by Bryan Little.
2:46 of 2nd period - Dustin Byfuglien is hit by Dennis Seidenberg and loses puck.
2:52 of 2nd period - Zach Parise is hit by Dennis Seidenberg and loses puck.
3:01 of 2nd period - Shot by Elias Pettersson.
3:01 of 2nd period - Stopped by Thomas Greiss without a rebound.
3:02 of 2nd period - Adam Henrique wins face-off versus Janne Kuokkanen in Hurricanes zone.
3:02 of 2nd period - Adam Henrique is hit by Janne Kuokkanen.
3:34 of 2nd period - Shot by Adam Henrique.
3:34 of 2nd period - Shot Hit the Post.
3:36 of 2nd period - Shot by Brian Dumoulin.
3:36 of 2nd period - Shot Misses the Net.
3:38 of 2nd period - Shot by Brian Dumoulin.
3:38 of 2nd period - Stopped by Chad Johnson with a rebound.
3:40 of 2nd period - Shot by Mathew Dumba.
3:40 of 2nd period - Stopped by Chad Johnson without a rebound.
3:41 of 2nd period - Jack Eichel wins face-off versus Alex Chiasson in Islanders zone.
3:41 of 2nd period - Jack Eichel is hit by Alex Chiasson.
3:51 of 2nd period - Icing by Dustin Byfuglien.
3:52 of 2nd period - Elias Pettersson wins face-off versus Bryan Little in Hurricanes zone.
4:32 of 2nd period - Minor Penalty to Jesper Bratt for Tripping.
4:33 of 2nd period - Jack Eichel wins face-off versus Adam Henrique in Islanders zone.
4:58 of 2nd period - Shot by Elias Pettersson.
4:58 of 2nd period - Shot Misses the Net.
5:01 of 2nd period - Icing by Brian Dumoulin.
5:02 of 2nd period - Adam Henrique wins face-off versus Jack Eichel in Hurricanes zone.
5:53 of 2nd period - Shot by Keith Yandle.
5:53 of 2nd period - Shot Blocked by Jack Eichel.
5:59 of 2nd period - Shot by Dustin Byfuglien.
5:59 of 2nd period - Stopped by Chad Johnson without a rebound.
6:00 of 2nd period - Bryan Little wins face-off versus Timo Meier in Islanders zone.
6:40 of 2nd period - Dennis Cholowski is hit by Brett Pesce.
6:48 of 2nd period - Shot by Pat Maroon.
6:48 of 2nd period - Stopped by Thomas Greiss without a rebound.
6:49 of 2nd period - Janne Kuokkanen wins face-off versus Adam Henrique in Hurricanes zone.
6:50 of 2nd period - Shot by Reid Boucher.
6:50 of 2nd period - Shot Misses the Net.
6:55 of 2nd period - Mathew Dumba is hit by Reid Boucher and loses puck.
7:16 of 2nd period - Shot by Adam Henrique.
7:16 of 2nd period - Stopped by Chad Johnson without a rebound.
7:17 of 2nd period - Dylan Gambrell wins face-off versus Elias Pettersson in Islanders zone.
8:56 of 2nd period - Off-side.
8:57 of 2nd period - Janne Kuokkanen wins face-off versus Adam Henrique in neutral zone.
8:57 of 2nd period - Reid Boucher is hit by Tyler Bertuzzi and loses puck.
9:04 of 2nd period - Shot by Brian Dumoulin.
9:04 of 2nd period - Stopped by Chad Johnson without a rebound.
9:05 of 2nd period - Adam Henrique wins face-off versus Richard Panik in Islanders zone.
9:26 of 2nd period - Richard Panik is hit by Vladimir Sobotka and loses puck.
9:38 of 2nd period - Adam Henrique is hit by Dennis Cholowski.
10:11 of 2nd period - Shot by Jesper Bratt.
10:11 of 2nd period - Shot Misses the Net.
10:13 of 2nd period - Shot by Jesper Bratt.
10:13 of 2nd period - Stopped by Thomas Greiss without a rebound.
10:14 of 2nd period - Bryan Little wins face-off versus Janne Kuokkanen in Hurricanes zone.
10:14 of 2nd period - Bryan Little is hit by Reid Boucher.
10:45 of 2nd period - Shot by Janne Kuokkanen.
10:45 of 2nd period - Stopped by Thomas Greiss with a rebound.
10:47 of 2nd period - Shot by Janne Kuokkanen.
10:47 of 2nd period - Shot Misses the Net.
10:49 of 2nd period - Shot by Brock McGinn.
10:49 of 2nd period - Stopped by Thomas Greiss without a rebound.
10:50 of 2nd period - Dylan Gambrell wins face-off versus Jesper Bratt in Hurricanes zone.
10:50 of 2nd period - Dylan Gambrell is hit by Elias Pettersson.
11:34 of 2nd period - Mathew Dumba is hit by Sam Gagner and loses puck.
12:03 of 2nd period - Shot by Adam Henrique.
12:03 of 2nd period - Stopped by Chad Johnson without a rebound.
12:04 of 2nd period - Bryan Little wins face-off versus Janne Kuokkanen in Islanders zone.
12:11 of 2nd period - Minor Penalty to Alex Chiasson for Hooking.
12:12 of 2nd period - Jack Eichel wins face-off versus Carl Hagelin in Hurricanes zone.
12:40 of 2nd period - Shot by Timo Meier.
12:40 of 2nd period - Stopped by Thomas Greiss with a rebound.
13:14 of 2nd period - Jack Eichel is hit by Keith Yandle and loses puck.
13:49 of 2nd period - Shot by Jesper Bratt.
13:49 of 2nd period - Stopped by Thomas Greiss without a rebound.
13:50 of 2nd period - Elias Pettersson wins face-off versus Carl Hagelin in Hurricanes zone.
14:02 of 2nd period - Icing by Elias Pettersson.
14:03 of 2nd period - Elias Pettersson wins face-off versus Carl Hagelin in Islanders zone.
14:08 of 2nd period - Keith Yandle is hit by Jesper Bratt and loses puck.
15:19 of 2nd period - Shot by Pat Maroon.
15:19 of 2nd period - Stopped by Thomas Greiss without a rebound.
15:20 of 2nd period - Elias Pettersson wins face-off versus Adam Henrique in Hurricanes zone.
15:20 of 2nd period - Jesper Bratt is hit by Dustin Byfuglien and loses puck.
15:51 of 2nd period - Shot by Elias Pettersson.
15:51 of 2nd period - Stopped by Thomas Greiss without a rebound.
15:52 of 2nd period - Jack Eichel wins face-off versus Bryan Little in Hurricanes zone.
16:00 of 2nd period - Jack Eichel is hit by Brian Dumoulin and loses puck.
16:05 of 2nd period - Shot by Richard Panik.
16:05 of 2nd period - Shot Blocked by Mathew Dumba.
16:07 of 2nd period - Shot by Timo Meier.
16:07 of 2nd period - Stopped by Thomas Greiss without a rebound.
16:08 of 2nd period - Dylan Gambrell wins face-off versus Andy Andreoff in Hurricanes zone.
16:08 of 2nd period - Dylan Gambrell is hit by Patrick Sharp.
16:20 of 2nd period - Shot by Alex Iafallo.
16:20 of 2nd period - Deflect By Michael Frolik.
16:20 of 2nd period - Shot Blocked by Henri Jokiharju.
16:22 of 2nd period - Shot by Dylan Gambrell.
16:22 of 2nd period - Stopped by Chad Johnson with a rebound.
16:29 of 2nd period - Icing by Henri Jokiharju.
16:30 of 2nd period - Bryan Little wins face-off versus Andy Andreoff in Islanders zone.
16:48 of 2nd period - Shot by Zach Parise.
16:48 of 2nd period - Stopped by Chad Johnson without a rebound.
16:49 of 2nd period - Jack Eichel wins face-off versus Adam Henrique in Islanders zone.
17:49 of 2nd period - Anthony DeAngelo is hit by Vladimir Sobotka and loses puck.
17:57 of 2nd period - Icing by Anthony DeAngelo.
17:58 of 2nd period - Elias Pettersson wins face-off versus Bryan Little in Islanders zone.
18:17 of 2nd period - Shot by Elias Pettersson.
18:17 of 2nd period - Stopped by Thomas Greiss with a rebound.
18:19 of 2nd period - Shot by Jesper Bratt.
18:19 of 2nd period - Deflect By Elias Pettersson.
18:19 of 2nd period - Stopped by Thomas Greiss without a rebound.
18:20 of 2nd period - Dylan Gambrell wins face-off versus Janne Kuokkanen in Hurricanes zone.
18:31 of 2nd period - Shot by Janne Kuokkanen.
18:31 of 2nd period - Stopped by Thomas Greiss without a rebound.
18:32 of 2nd period - Bryan Little wins face-off versus Jack Eichel in Hurricanes zone.
18:36 of 2nd period - Icing by Keith Yandle.
18:37 of 2nd period - Jack Eichel wins face-off versus Bryan Little in Hurricanes zone.
18:54 of 2nd period - Shot by Alex Chiasson.
18:54 of 2nd period - Shot Misses the Net.
Goals for this period are 0 for Islanders vs 0 for Hurricanes.
Shots for this period are 14 for Islanders vs 8 for Hurricanes.

3rd period


0:01 of 3rd period - Bryan Little wins face-off versus Jack Eichel in neutral zone.
0:21 of 3rd period - Bryan Little is hit by Neal Pionk.
0:59 of 3rd period - Minor Penalty to Dustin Byfuglien for Tripping.
1:00 of 3rd period - Adam Henrique wins face-off versus Elias Pettersson in Hurricanes zone.
1:00 of 3rd period - Mathew Dumba is hit by Elias Pettersson and loses puck.
1:07 of 3rd period - Shot by Elias Pettersson.
1:07 of 3rd period - Stopped by Thomas Greiss with a rebound.
1:09 of 3rd period - Shot by Elias Pettersson.
1:09 of 3rd period - Shot Blocked by Mathew Dumba.
1:11 of 3rd period - Shot by Jesper Bratt.
1:11 of 3rd period - Shot Blocked by Brian Dumoulin.
1:13 of 3rd period - Shot by Dennis Seidenberg.
1:13 of 3rd period - Shot Blocked by Brian Dumoulin.
1:15 of 3rd period - Shot by Anthony DeAngelo.
1:15 of 3rd period - Shot Misses the Net.
1:17 of 3rd period - Shot by Jesper Bratt.
1:17 of 3rd period - Shot Misses the Net.
1:19 of 3rd period - Shot by Anthony DeAngelo.
1:19 of 3rd period - Deflect By Elias Pettersson.
1:19 of 3rd period - Shot Misses the Net.
1:21 of 3rd period - Shot by Dennis Seidenberg.
1:21 of 3rd period - Stopped by Thomas Greiss without a rebound.
1:22 of 3rd period - Timo Meier wins face-off versus Alex Chiasson in Hurricanes zone.
1:27 of 3rd period - Shot by Jack Eichel.
1:27 of 3rd period - Stopped by Thomas Greiss with a rebound.
1:29 of 3rd period - Shot by Timo Meier.
1:29 of 3rd period - Stopped by Thomas Greiss without a rebound.
1:30 of 3rd period - Jack Eichel wins face-off versus Alex Chiasson in Hurricanes zone.
2:18 of 3rd period - Shot by Dennis Seidenberg.
2:18 of 3rd period - Stopped by Thomas Greiss with a rebound.
2:20 of 3rd period - Shot by Sam Gagner.
2:20 of 3rd period - Shot Misses the Net.
2:22 of 3rd period - Shot by Jesper Bratt.
2:22 of 3rd period - The goal is going for a video replay.
2:22 of 3rd period - The goal is refused.
2:23 of 3rd period - Elias Pettersson wins face-off versus Adam Henrique in Hurricanes zone.
2:23 of 3rd period - Jesper Bratt is hit by Keith Yandle.
2:53 of 3rd period - Shot by Jesper Bratt.
2:53 of 3rd period - Stopped by Thomas Greiss without a rebound.
2:54 of 3rd period - Adam Henrique wins face-off versus Jack Eichel in Hurricanes zone.
3:20 of 3rd period - Carl Hagelin is hit by Henri Jokiharju and loses puck.
3:59 of 3rd period - Icing by Brian Dumoulin.
4:00 of 3rd period - Jack Eichel wins face-off versus Adam Henrique in Hurricanes zone.
4:09 of 3rd period - Shot by Jack Eichel.
4:09 of 3rd period - Shot Misses the Net.
4:11 of 3rd period - Shot by Nick Holden.
4:11 of 3rd period - Deflect By Jack Eichel.
4:11 of 3rd period - Shot Misses the Net.
4:21 of 3rd period - Shot by Adam Henrique.
4:21 of 3rd period - Stopped by Chad Johnson with a rebound.
4:29 of 3rd period - Shot by Timo Meier.
4:29 of 3rd period - Stopped by Thomas Greiss without a rebound.
4:30 of 3rd period - Dylan Gambrell wins face-off versus Elias Pettersson in Hurricanes zone.
4:53 of 3rd period - Shot by Elias Pettersson.
4:53 of 3rd period - Stopped by Thomas Greiss with a rebound.
5:04 of 3rd period - Elias Pettersson is hit by Dustin Byfuglien and loses puck.
6:18 of 3rd period - Mathew Dumba is hit by Andy Andreoff and loses puck.
7:14 of 3rd period - Icing by Henri Jokiharju.
7:15 of 3rd period - Dylan Gambrell wins face-off versus Jack Eichel in Islanders zone.
7:18 of 3rd period - Shot by Michael Frolik.
7:18 of 3rd period - Stopped by Chad Johnson without a rebound.
7:19 of 3rd period - Elias Pettersson wins face-off versus Bryan Little in Islanders zone.
7:25 of 3rd period - Sam Gagner is hit by Dustin Byfuglien and loses puck.
7:37 of 3rd period - Shot by Sam Gagner.
7:37 of 3rd period - Stopped by Thomas Greiss without a rebound.
7:38 of 3rd period - Jack Eichel wins face-off versus Dylan Gambrell in Hurricanes zone.
7:59 of 3rd period - Shot by Dennis Cholowski.
7:59 of 3rd period - Stopped by Thomas Greiss without a rebound.
8:00 of 3rd period - Elias Pettersson wins face-off versus Bryan Little in Hurricanes zone.
9:26 of 3rd period - Shot by Jack Eichel.
9:26 of 3rd period - Stopped by Thomas Greiss with a rebound.
9:28 of 3rd period - Shot by Jack Eichel.
9:28 of 3rd period - Shot Misses the Net.
9:30 of 3rd period - Shot by Dennis Cholowski.
9:30 of 3rd period - Shot Blocked by Vladimir Sobotka.
9:32 of 3rd period - Shot by Richard Panik.
9:32 of 3rd period - Deflect By Jack Eichel.
9:32 of 3rd period - Stopped by Thomas Greiss with a rebound.
9:34 of 3rd period - Shot by Richard Panik.
9:34 of 3rd period - Stopped by Thomas Greiss without a rebound.
9:35 of 3rd period - Dylan Gambrell wins face-off versus Janne Kuokkanen in Hurricanes zone.
9:41 of 3rd period - Icing by Jordan Oesterle.
9:42 of 3rd period - Dylan Gambrell wins face-off versus Reid Boucher in Hurricanes zone.
9:42 of 3rd period - Dylan Gambrell is hit by Brock McGinn.
9:49 of 3rd period - Brett Pesce is hit by Neal Pionk and loses puck.
9:52 of 3rd period - Shot by Jordan Oesterle.
9:52 of 3rd period - Shot Blocked by Neal Pionk.
9:54 of 3rd period - Shot by Dylan Gambrell.
9:54 of 3rd period - Stopped by Chad Johnson without a rebound.
9:55 of 3rd period - Jack Eichel wins face-off versus Bryan Little in Islanders zone.
9:55 of 3rd period - Jack Eichel is hit by Zach Parise.
10:03 of 3rd period - Shot by Richard Panik.
10:03 of 3rd period - Deflect By Jack Eichel.
10:03 of 3rd period - Shot Misses the Net.
10:05 of 3rd period - Shot by Timo Meier.
10:05 of 3rd period - Stopped by Thomas Greiss without a rebound.
10:06 of 3rd period - Janne Kuokkanen wins face-off versus Adam Henrique in Hurricanes zone.
10:20 of 3rd period - Shot by Reid Boucher.
10:20 of 3rd period - Stopped by Thomas Greiss without a rebound.
10:21 of 3rd period - Bryan Little wins face-off versus Jack Eichel in Hurricanes zone.
10:21 of 3rd period - Bryan Little is hit by Richard Panik.
10:27 of 3rd period - Shot by Mathew Dumba.
10:27 of 3rd period - Stopped by Chad Johnson with a rebound.
10:32 of 3rd period - Off-side.
10:33 of 3rd period - Adam Henrique wins face-off versus Elias Pettersson in neutral zone.
11:44 of 3rd period - Shot by Alex Chiasson.
11:44 of 3rd period - Shot Misses the Net.
11:52 of 3rd period - Alex Chiasson is hit by Richard Panik and loses puck.
12:20 of 3rd period - Shot by Alex Iafallo.
12:20 of 3rd period - Shot Misses the Net.
12:32 of 3rd period - Shot by Mathew Dumba.
12:32 of 3rd period - Shot Blocked by Anthony DeAngelo.
12:34 of 3rd period - Shot by Michael Frolik.
12:34 of 3rd period - Stopped by Chad Johnson with a rebound.
14:07 of 3rd period - Icing by Jonathon Merrill.
14:08 of 3rd period - Janne Kuokkanen wins face-off versus Bryan Little in Hurricanes zone.
15:02 of 3rd period - Icing by Nick Holden.
15:03 of 3rd period - Andy Andreoff wins face-off versus Adam Henrique in Islanders zone.
15:08 of 3rd period - Shot by Patrick Sharp.
15:08 of 3rd period - Stopped by Thomas Greiss without a rebound.
15:09 of 3rd period - Adam Henrique wins face-off versus Elias Pettersson in Hurricanes zone.
15:31 of 3rd period - Off-side.
15:32 of 3rd period - Andy Andreoff wins face-off versus Dylan Gambrell in neutral zone.
15:50 of 3rd period - Shot by Michael Frolik.
15:50 of 3rd period - Shot Blocked by Pat Maroon.
15:56 of 3rd period - Shot by Dylan Gambrell.
15:56 of 3rd period - Stopped by Chad Johnson without a rebound.
15:57 of 3rd period - Adam Henrique wins face-off versus Jesper Bratt in Islanders zone.
16:02 of 3rd period - Shot by Adam Henrique.
16:02 of 3rd period - Stopped by Chad Johnson with a rebound.
16:04 of 3rd period - Shot by Mathew Dumba.
16:04 of 3rd period - Stopped by Chad Johnson without a rebound.
16:05 of 3rd period - Adam Henrique wins face-off versus Janne Kuokkanen in Islanders zone.
17:01 of 3rd period - Shot by Richard Panik.
17:01 of 3rd period - Stopped by Thomas Greiss without a rebound.
17:02 of 3rd period - Dylan Gambrell wins face-off versus Elias Pettersson in Hurricanes zone.
17:12 of 3rd period - Shot by Jesper Bratt.
17:12 of 3rd period - Stopped by Thomas Greiss without a rebound.
17:13 of 3rd period - Dylan Gambrell wins face-off versus Jack Eichel in Hurricanes zone.
17:13 of 3rd period - Dylan Gambrell is hit by Richard Panik.
18:45 of 3rd period - Shot by Jordan Oesterle.
18:45 of 3rd period - Shot Blocked by Neal Pionk.
Goals for this period are 0 for Islanders vs 0 for Hurricanes.
Shots for this period are 19 for Islanders vs 8 for Hurricanes.

Overtime #1


0:01 of 1st overtime period - Jack Eichel wins face-off versus Bryan Little in neutral zone.
0:16 of 1st overtime period - Shot by Jack Eichel.
0:16 of 1st overtime period - Shot Misses the Net.
1:33 of 1st overtime period - Shot by Richard Panik.
1:33 of 1st overtime period - Shot Misses the Net.
1:55 of 1st overtime period - Shot by Jesper Bratt.
1:55 of 1st overtime period - Shot Hit the Post.
1:57 of 1st overtime period - Shot by Sam Gagner.
1:57 of 1st overtime period - Shot Misses the Net.
2:01 of 1st overtime period - Shot by Jesper Bratt.
2:01 of 1st overtime period - Stopped by Thomas Greiss without a rebound.
2:02 of 1st overtime period - Jack Eichel wins face-off versus Bryan Little in Hurricanes zone.
2:05 of 1st overtime period - Shot by Elias Pettersson.
2:05 of 1st overtime period - Shot Blocked by Mathew Dumba.
2:27 of 1st overtime period - Shot by Zach Parise.
2:27 of 1st overtime period - Shot Misses the Net.
2:29 of 1st overtime period - Shot by Mathew Dumba.
2:29 of 1st overtime period - Stopped by Chad Johnson without a rebound.
2:30 of 1st overtime period - Alex Chiasson wins face-off versus Timo Meier in Islanders zone.
2:37 of 1st overtime period - Shot by Tyler Bertuzzi.
2:37 of 1st overtime period - Goal by Tyler Bertuzzi - Islanders : 2 - Hurricanes : 3.
Goals for this period are 0 for Islanders vs 1 for Hurricanes.
Shots for this period are 1 for Islanders vs 2 for Hurricanes.